 Dungeon Crawl Stone Soup version 0.24.0-123-gd5b16e6ec5 (webtiles) character file.

Game seed: 3477843672173657473, levelgen mode: deterministic

75 Andrea the Slasher (level 4, -10/35 HPs)
             Began as a Human Fighter on Jan 7, 2020.
             Killed by divine providence
             ... invoked by an orc priest
              (16 damage)
             ... on level 3 of the Dungeon.
             The game lasted 00:02:17 (1713 turns).

Andrea the Slasher (Human Fighter)                  Turns: 1713, Time: 00:02:18

Health: -10/35     AC:  6    Str: 17    XL:     4   Next: 55%
Magic:  4/4        EV:  7    Int:  9    God:
Gold:   99         SH:  9    Dex: 12    Spells: 3/3 levels left

rFire    + . .     SeeInvis .   a - +0 long sword
rCold    + . .     Gourm    .   c - +0 shield
rNeg     . . .     Faith    .   b - +0 scale mail
rPois    .         Spirit   .   (no helmet)
rElec    .         Reflect  .   h - scarf {rC+ rF+}
rCorr    .         Harm     .   (no gloves)
MR       .....                  (no boots)
Stlth    ..........             (no amulet)
HPRegen  0.11/turn              (no ring)
MPRegen  0.09/turn              (no ring)

@: no status effects
A: no striking features
a: no special abilities


You were on level 3 of the Dungeon.
You were not hungry.

You visited 1 branch of the dungeon, and saw 3 of its levels.

You collected 99 gold pieces.

Inventory:

Hand Weapons
 a - a +0 long sword (weapon)
Missiles
 q - 10 poisoned darts (quivered)
Armour
 b - a +0 scale mail (worn)
 c - a +0 shield (worn)
 h - a scarf of resistance (worn)
Wands
 n - a wand of polymorph (8)
Scrolls
 e - a scroll of amnesia {unknown}
 g - 2 scrolls of teleportation {unknown}
 k - a scroll of magic mapping {unknown}
 m - a scroll of identify {unknown}
Potions
 d - a potion of might
 i - 2 potions of curing {unknown}
 j - a potion of flight {unknown}
 l - a potion of mutation {unknown}
 p - a potion of resistance {unknown}
Comestibles
 f - 3 rations
 o - a chunk of flesh


   Skills:
 - Level 3.1 Fighting
 * Level 4.1 Long Blades
 - Level 3.1 Armour
 - Level 3.2 Shields


You had 3 spell levels left.
You didn't know any spells.
Your spell library was empty.

Dungeon Overview and Level Annotations

Branches:
Dungeon (3/15)

Altars:


Message History

Press: ? - help, Shift-Dir - straight line, f/p - orc priest
Aim: an orc priest, wielding a +0 flail and wearing a +0 chain mail You throw a poisoned dart.
The poisoned dart barely misses the orc priest.
The orc priest invokes the aid of Beogh against you.
Pain shoots through your body!
* * * LOW HITPOINT WARNING * * *
You block the orc's attack.
Throwing (i - inventory)
q - 11 poisoned darts (quivered)
Press: ? - help, Shift-Dir - straight line, f/p - orc priest
Aim: an orc priest, wielding a +0 flail and wearing a +0 chain mail You throw a poisoned dart.
The poisoned dart barely misses the orc priest.
The orc priest looks encouraged for a moment.
The orc hits you.
* * * LOW HITPOINT WARNING * * *
The hobgoblin barely misses you.
You riposte.
You closely miss the hobgoblin.
The orc priest mumbles some strange prayers to Beogh against you.
Beogh smites you!
You die...

.....#...#. ...........
. ....##.##.......... ..
..................# ...
..................##....
....#..##...............
....#..#................
.......#......#g@#.#
##.....#......#..#.#
.##...........#oo#.####
................>......
......##.#.....o.......
......##.#(.#.#..#.####
......#..........#o#.##
.##...........#..(....o
##(...#.......#(o#.#..#


You could see an orc priest, 3 orcs and a hobgoblin.

Vanquished Creatures
  3 adders (D:2)
  2 worms (D:2)
  2 leopard geckos (D:2)
  An orc (D:3)
  3 bats
  3 giant cockroaches
  6 goblins
  4 hobgoblins
  5 kobolds
  A ball python (D:2)
  A frilled lizard (D:2)
  4 rats
35 creatures vanquished.

Notes
Turn   | Place    | Note
-------+----------+-------------------------------------------
     0 | D:1      | Andrea the Human Fighter began the quest for the Orb.
     0 | D:1      | Reached XP level 1. HP: 18/18 MP: 1/1
   108 | D:1      | Reached XP level 2. HP: 24/24 MP: 2/2
   904 | D:2      | Reached XP level 3. HP: 20/29 MP: 3/3
   916 | D:2      | Reached skill level 3 in Long Blades
  1136 | D:2      | Reached XP level 4. HP: 35/35 MP: 4/4
  1463 | D:2      | Reached skill level 4 in Long Blades
  1713 | D:3      | Killed from afar by an orc priest

Levels and vault maps discovered:
D:1:      matt_arrival_spirals, layout_basic
D:2:      layout_loops_cross, kennysheep_small_spiral
D:3:      layout_basic, lemuel_doored_altar, minmay_misc_feat_iff,
          minmay_joined_circles

Skill      XL: |  1  2  3  4 |
---------------+-------------+-----
Long Blades    | 3 4 |  4.1
Fighting       | |  3.1
Armour         | |  3.1
Shields        | |  3.2

Action                   |  1- 3 |  4- 6 || total
-------------------------+-------+-------++-------
Melee: Long sword        |    77 |    41 ||   118
Throw: Dart              |       |     4 ||     4
  Eat: Chunk             |     1 |     2 ||     3
Armor: Scale mail        |    23 |    18 ||    41
Dodge: Dodged            |    18 |    14 ||    32
Block: Shield            |    48 |    29 ||    77
       Rpst.: Long sword |     8 |     6 ||    14
